 Dungeon Crawl Stone Soup version 0.30-a0-737-gf23d94013f (webtiles) character file.

Game seed: 9339150389509576928

316 Dittersdorf the Shield-Bearer (level 6, 0/39 HPs)
             Began as a Gargoyle Fighter on Feb 1, 2023.
             Slain by Edmund
             ... wielding a +7 dire flail of draining
              (4 damage)
             ... on level 4 of the Dungeon.
             The game lasted 00:04:09 (3683 turns).

Dittersdorf the Shield-Bearer (Gargoyle Fighter)    Turns: 3683, Time: 00:04:09

Health: 0/39       AC: 16    Str: 22    XL:     6   Next: 44%
Magic:  6/6        EV:  7    Int:  8    God:
Gold:   76         SH:  4    Dex:  9    Spells: 5/5 levels left

rFire   + . .      SeeInvis .    a - +0 flail
rCold   + . .      Faith    .    c - +0 buckler
rNeg    + . .      Spirit   .    t - +0 chain mail
rPois   ∞          Reflect  .    (no helmet)
rElec   +          Harm     .    (no cloak)
rCorr   .          Rampage  .    y - +0 pair of gloves
Will    .....                    q - +0 pair of boots Stlth
                                 (no amulet)
HPRegen 0.26/turn                m - ring of protection from cold
MPRegen 0.10/turn                h - ring of protection from fire

@: no status effects
A: sickness immunity, AC +4, negative energy resistance 1, electricity
resistance, torment resistance 1, petrification resistance
a: no special abilities


You were on level 4 of the Dungeon.
You visited 1 branch of the dungeon, and saw 4 of its levels.

You collected 76 gold pieces.

Inventory:

Hand Weapons
 a - a +0 flail (weapon)
Armour
 c - a +0 buckler (worn)
 q - a +0 pair of boots (worn)
 t - a +0 chain mail (worn)
 y - a +0 pair of gloves (worn)
Jewellery
 h - a ring of protection from fire (right hand)
 m - a ring of protection from cold (left hand)
Wands
 s - a wand of iceblast (2)
Scrolls
 b - a scroll of acquirement {unknown}
 e - 3 scrolls of identify {unknown}
 i - a scroll of enchant armour {unknown}
 k - a scroll of fear {unknown}
 l - 2 scrolls of immolation {unknown}
 r - 2 scrolls of amnesia {unknown}
 u - a scroll of teleportation {unknown}
 w - a scroll of noise {unknown}
 x - a scroll of enchant weapon {unknown}
Potions
 d - 2 potions of might
 f - 2 potions of mutation {unknown}
 g - a potion of attraction {unknown}
 j - 3 potions of curing {unknown}
 n - a potion of lignification {unknown}
 o - a potion of heal wounds {unknown}
 p - a potion of degeneration {unknown}


   Skills:
 + Level 4.7 Fighting
 + Level 3.6 Maces & Flails
 + Level 4.8 Armour
 + Level 4.8 Shields


You had 5 spell levels left.
You didn't know any spells.
Your spell library contained the following spells:

 Spells                   Type           Power      Damage    Failure   Level
 Magic Dart               Conj           0%         1d3       99%         1
 Call Imp                 Summ           0%         N/A       100%        2
 Inner Flame              Hex/Fire       0%         N/A       100%        3
 Mephitic Cloud           Conj/Pois/Air  0%         N/A       100%        3
 Tukima's Dance           Hex            0%         N/A       100%        3
 Flame Wave               Conj/Fire      0%         2d4       100%        4
 Passage of Golubria      Tloc           0%         N/A       100%        4
 Sticky Flame             Conj/Fire      0%         2d3       100%        4
 Summon Forest            Summ/Tloc      0%         N/A       100%        5
 Summon Mana Viper        Hex/Summ       0%         N/A       100%        5
 Yara's Violent Unravell  Hex/Tmut       0%         3d3       100%        5
 Summon Cactus Giant      Summ           0%         N/A       100%        6


Dungeon Overview and Level Annotations

Branches:
Dungeon (4/15)
 Temple: D:4-7

Altars:

Shops:
D:2 ?

Annotations:
D:3 2 transporters
D:4 Edmund


Innate Abilities, Weirdness & Mutations

You are immune to sickness and miasma.
Your stone body is resilient. (AC +4)
You are immune to poison.
You resist negative energy. (rN+)
You are resistant to electric shocks. (rElec)
You are resistant to unholy torment.
You are immune to petrification.


Message History

Edmund hits you with a +7 dire flail of draining!
You barely miss Edmund.
Edmund is heavily wounded.
You block Edmund's attack.
You hit Edmund.
Edmund is heavily wounded.
Edmund hits you with a +7 dire flail of draining.
* * * LOW HITPOINT WARNING * * *
Edmund hits you with a +7 dire flail of draining.
* * * LOW HITPOINT WARNING * * *
You sock Edmund!
Edmund is severely wounded.
Edmund barely misses you.
Edmund looks more healthy.
Throw: 4 darts (poison)
Press: ? - help, Q - select action, (/) - cycle Shift-Dir - straight line, f/p - Edmund
Aim: Edmund, wielding a +7 dire flail of draining and wearing a +0 scale mail (severely wounded, 60% to hit)
You throw a poisoned dart.
The poisoned dart completely misses Edmund.
You block Edmund's attack.
Throw: 3 darts (poison)
Press: ? - help, Q - select action, (/) - cycle Shift-Dir - straight line, f/p - Edmund
Aim: Edmund, wielding a +7 dire flail of draining and wearing a +0 scale mail (severely wounded, 60% to hit)
You throw a poisoned dart.
The poisoned dart closely misses Edmund.
Edmund hits you with a +7 dire flail of draining.
* * * LOW HITPOINT WARNING * * *
Throw: 2 darts (poison)
Press: ? - help, Q - select action, (/) - cycle Shift-Dir - straight line, f/p - Edmund
Aim: Edmund, wielding a +7 dire flail of draining and wearing a +0 scale mail (severely wounded, 60% to hit)
You throw a poisoned dart. The poisoned dart barely misses Edmund.
Edmund hits you with a +7 dire flail of draining.
* * * LOW HITPOINT WARNING * * *
Throw: dart (poison)
Press: ? - help, Q - select action, (/) - cycle Shift-Dir - straight line, f/p - Edmund
Aim: Edmund, wielding a +7 dire flail of draining and wearing a +0 scale mail (severely wounded, 60% to hit)
You throw a poisoned dart. The poisoned dart hits Edmund.
Edmund is poisoned.
Edmund is severely wounded.
Edmund hits you with a +7 dire flail of draining.
You die...

#.########
#.....(..# ###
########.# #<#
#.####### #.#
#(@@....# #.#
#######.#####.#
#.......#
#########


You could see Edmund (poisoned).

Vanquished Creatures
  Blork the orc (D:3)
  A hound (D:3)
  Terence (D:3)
  2 orc wizards
  4 adders
  An ufetubus (D:4)
  3 dart slugs (D:1)
  9 orcs
  7 bats
  6 endoplasms
  3 giant cockroaches
  5 goblins
  6 hobgoblins
  3 jackals (D:1)
  9 kobolds
  6 quokkas
  13 ball pythons
  4 frilled lizards
  4 rats
88 creatures vanquished.

Notes
Turn   | Place    | Note
-------+----------+-------------------------------------------
     0 | D:1      | Dittersdorf the Gargoyle Fighter began the quest for the
                  | Orb.
     0 | D:1      | Reached XP level 1. HP: 14/14 MP: 1/1
    99 | D:1      | Reached XP level 2. HP: 19/19 MP: 2/2
   366 | D:1      | Reached XP level 3. HP: 23/23 MP: 3/3
   975 | D:2      | Found a faded altar of an unknown god.
  1304 | D:2      | Reached XP level 4. HP: 29/29 MP: 4/4
  1519 | D:2      | Found Saloc's Magic Scroll Emporium.
  1898 | D:3      | Found a transporter.
  1932 | D:3      | Found a transporter.
  2382 | D:3      | Reached XP level 5. HP: 33/33 MP: 5/5
  2384 | D:3      | Noticed Terence
  2398 | D:3      | Killed Terence
  3190 | D:4      | Noticed Blork the orc
  3323 | D:3      | Reached XP level 6. HP: 32/39 MP: 6/6
  3363 | D:3      | Killed Blork the orc
  3665 | D:4      | Noticed Edmund
  3683 | D:4      | Slain by Edmund

Illustrated notes

Levels and vault maps discovered:
D:1:      erik_arrival_cave_to_civilisation [erik_arrival_cave_to_hall],
          layout_basic
D:2:      layout_loops_corners, serial_shops, nicolae_shop_trees,
          hellmonk_ecumenical_altar_leap_of_faith,
          chequers_serial_rivers_micro_e
D:3:      gammafunk_steamed_eel, layout_basic, uniq_terence
D:4:      layout_basic, uniq_pikel, uniq_blork_the_orc, uniq_sigmund,
          uniq_edmund

Skill      XL: |  1  2  3  4 |
---------------+-------------+-----
Shields        | 4 |  4.8
Fighting       | 4 |  4.7
Armour         | 4 |  4.8
Maces & Flails | 3 |  3.6

Action                     |  1- 3 |  4- 6 || total
---------------------------+-------+-------++-------
  Melee: Flail             |    98 |   241 ||   339
  Throw: Dart              |       |     6 ||     6
 Armour: Scale mail        |    58 |    57 ||   115
         Chain mail        |       |   164 ||   164
  Dodge: Dodged            |    52 |   106 ||   158
  Block: Buckler           |    25 |    63 ||    88

Table legend: (Time is in decaauts)
 A = Elapsed time spent in this place.
 B = Non-inter-level travel time spent in this place.
 C = Inter-level travel time spent in this place.
 D = Time resting spent in this place.
 E = Time spent auto-exploring this place.
 F = Levels seen in this place.
 G = Mean time per level.
                   A        B        C        D        E       F      G
               +--------+--------+--------+--------+--------+-----+--------+
         Total |   3786 |   3632 |    154 |    240 |   2557 |   4 |  946.5 |
       Dungeon |   3786 |   3632 |    154 |    240 |   2557 |   4 |  946.5 |
               +--------+--------+--------+--------+--------+-----+--------+

Top non-repeatable levels by time:
     D:3: 1476 daAuts
     D:1: 997 daAuts
     D:2: 914 daAuts
     D:4: 398 daAuts
